 Dungeon Crawl Stone Soup version 0.29.1 (webtiles) character file.

Game seed: 2852217060355464678

32 funnyparkerb the Trooper (level 3, -2/20 HPs)
             Began as a Vine Stalker Fighter on Sept 13, 2022.
             Slain by a worm (6 damage)
             ... on level 1 of the Dungeon.
             The game lasted 00:01:57 (1405 turns).

funnyparkerb the Trooper (Vine Stalker Fighter)     Turns: 1405, Time: 00:01:58

Health: -2/20      AC:  6    Str: 18    XL:     3   Next: 27%
Magic:  0/4        EV:  9    Int:  8    God:
Gold:   24         SH:  5    Dex: 15    Spells: 2/2 levels left

rFire   . . .      SeeInvis .   i - +1 sling (freeze)
rCold   . . .      Faith    .   c - +0 buckler
rNeg    . . .      Spirit   +   b - +0 scale mail
rPois   .          Reflect  .   (no helmet)
rElec   .          Harm     .   (no cloak)
rCorr   .          Rampage  .   (no gloves)
Will    .....                   (no boots)
Stlth   ..........              (no amulet)
HPRegen 0.06/turn               (no ring)
MPRegen 0.09/turn               (no ring)

@: lethally poisoned (-2 -> -7)
A: fangs 2, magic shield, antimagic bite, no potion heal 2
a: no special abilities


You were on level 1 of the Dungeon.
You visited 1 branch of the dungeon, and saw 2 of its levels.

You collected 24 gold pieces.

Inventory:

Hand Weapons
 a - a +0 rapier
 i - a +1 sling of freezing (weapon)
Missiles
 j - 29 stones
Armour
 b - a +0 scale mail (worn)
 c - a +0 buckler (worn)
Scrolls
 e - 2 scrolls of butterflies {unknown}
 g - 2 scrolls of teleportation {unknown}
 h - 2 scrolls of identify {unknown}
 l - a scroll of enchant weapon {unknown}
Potions
 d - a potion of might
 f - 2 potions of heal wounds {unknown}
 k - a potion of mutation {unknown}
 m - a potion of invisibility {unknown}


   Skills:
 + Level 3.3 Fighting
 - Level 1.7 Short Blades
 - Level 2.4 Armour
 + Level 1.4 Dodging
 - Level 2.6 Shields


You had 2 spell levels left.
You didn't know any spells.
Your spell library was empty.

Dungeon Overview and Level Annotations

Branches:
Dungeon (2/15)

Altars:


Innate Abilities, Weirdness & Mutations

You have extremely sharp teeth.
When hurt, damage is shared between your health and your magic reserves.
Your bite disrupts and absorbs the magic of your enemies.
Potions cannot restore your health.


Message History

You shoot a sling bullet. The sling bullet hits the adder.
The adder seems to slow down.
The sling bullet freezes the adder.
The adder is moderately wounded.
A worm comes into view.
You shoot a sling bullet. The sling bullet hits the adder.
The adder seems to slow down.
The sling bullet freezes the adder.
You kill the adder!
The adder closely misses you.
You shoot a sling bullet. The sling bullet misses the adder.
You block the adder's attack. The adder closely misses you. The worm bites you.
The adder completely misses you.
You climb upwards.
There is a stone staircase leading down here.
You shoot a sling bullet.
The sling bullet closely misses the adder.
The adder bites you. The worm barely misses you.
The adder bites you but does no damage.
You shoot a sling bullet.
The sling bullet completely misses the adder.
The adder bites you.
You are poisoned.
The adder poisons you! The adder misses you. The worm bites you.
You are too injured to fight recklessly!
You are too injured to fight recklessly!
Really attack while wielding your +1 sling of freezing? [Y]es or [N]o only, please.
Really attack while wielding your +1 sling of freezing?
Okay, then.
You are too injured to fight recklessly!
You are too injured to fight recklessly!
Fire: i) +1 sling (freeze)
Press: ? - help, Q - select action, (/) - cycle Shift-Dir - straight line, f/p - adder
Aim: an adder (38% to hit)
You shoot a sling bullet. The sling bullet misses the adder.
* * * LOW HITPOINT WARNING * * *
You feel very sick. The adder bites you.
* * * LOW HITPOINT WARNING * * *
The adder barely misses you. The worm bites you!
You die...

#...........###########.##.#...#.
#...........# #.#..#####.
#...........# #.#........
#...........# #.#.#.#####
#.>.........# #.#.#.#
#...........######### #.#.#.#
.........)..#.......# #.#.#.#
#...........#....S..###.#.#.#
#######.#.#....w@...'...#.#.#
#### #.#.###.......#####.#.#
##.####.#.# #.......# #.#.#
##......#.# #.......# #.#.#####
##.######.# #############.#......
##.# #.# #......##### ##.#
##.############.##.#.##### ...#
#..............)...#...... ####
#.#############.##########


You could see a worm and an adder.

Vanquished Creatures
  An adder (D:2)
  A dart slug (D:1)
  2 endoplasms (D:1)
  3 giant cockroaches (D:1)
  3 goblins (D:1)
  4 hobgoblins (D:1)
  A quokka (D:1)
  2 bats (D:1)
  A kobold (D:1)
  3 rats (D:1)
21 creatures vanquished.

Notes
Turn   | Place    | Note
-------+----------+-------------------------------------------
     0 | D:1      | funnyparkerb the Vine Stalker Fighter began the quest for
                  | the Orb.
     0 | D:1      | Reached XP level 1. HP: 11/11 MP: 2/2
   390 | D:1      | Reached skill level 3 in Fighting
   390 | D:1      | Reached XP level 2. HP: 15/16 MP: 3/3
   547 | D:1      | Reached skill level 1 in Dodging
  1205 | D:1      | Reached XP level 3. HP: 20/20 MP: 4/4
  1405 | D:1      | Slain by a worm

Illustrated notes

Levels and vault maps discovered:
D:1:      minmay_arrival_arboretum_small, layout_basic, skrybe_limestone_x,
          minmay_split_cup_small
D:2:      minmay_evil_eye, layout_loops_ring, kennysheep_decorative_pillar

Skill      XL: |  1  2 |
---------------+-------+-----
Fighting       | 3 |  3.3
Dodging        | 1 |  1.4
Short Blades   | |  1.7
Armour         | |  2.4
Shields        | |  2.6

Action                   || total
-------------------------++-------
Melee: Rapier            ||    29
       Bite              ||     7
 Fire: Sling             ||    29
Armor: Scale mail        ||     9
Dodge: Dodged            ||    20
Block: Buckler           ||    10
